 Dungeon Crawl Stone Soup version 0.30.1-11-g7821555f0a (webtiles) character file.

Game seed: 5372114107262862882

179511 Ivernyr the Stickfighter (level 18, 0/104 HPs)
             Began as a Formicid Fighter on Dec 7, 2023.
             Was the Champion of Wu Jian.
             Slain by a deep elf sorcerer
             ... wielding a +0 rapier
              (1 damage)
             ... on level 3 of the Elven Halls.
             The game lasted 01:46:03 (25979 turns).

Ivernyr the Stickfighter (Formicid Fighter)        Turns: 25979, Time: 01:46:04

Health: 0/104      AC: 26    Str: 31      XL:     18   Next: 92%
Magic:  23/23      EV: 10    Int:  3      God:    Wu Jian [******]
Gold:   2375       SH:  0    Dex:  4 (6)  Spells: 17/17 levels left

rFire   + . .        K - +0 lajatang (vamp)
rCold   + + +        c - +2 tower shield {rC+}
rNeg    + + +        b - +0 shadow dragon scales
rPois   +            (helmet unavailable)
rElec   +            j - scarf {rC+ rF+}
rCorr   +            l - +2 pair of gloves "Sungoysk" {rN++ MP+9 Str+5}
SInv    +            v - +2 pair of boots
Will    .....        R - amulet of regeneration
Stlth   ++           t - +4 ring of slaying
HPRegen 0.00/turn    U - ring of the Threshing Gods {Ice rElec rN+++ Will- Dex-3}
MPRegen 0.18/turn

%: no passive effects
@: confused, resistant, sick, studying Shields, invisible
A: permanent stasis, dig shafts and tunnels, antennae 3, four strong arms,
[clumsy 2], [deterioration 2], [dopey 2], [frail 3], [low MP 2], [weak 2]
a: Dig, Shaft Self, Renounce Religion, Wall Jump, Serpent's Lash, Heavenly Storm


You were on level 3 of the Elven Halls.
You worshipped Wu Jian.
Wu Jian was exalted by your worship.
You visited 5 branches of the dungeon, and saw 26 of its levels.
You visited the Abyss 2 times.
You also visited: Trove, Ossuary and Ice Cave.

You collected 4035 gold pieces.
You spent 1660 gold pieces at shops.

Inventory:

Hand Weapons
 a - a +0 quarterstaff of draining
 K - a +0 vampiric lajatang (weapon)
Armour
 b - +0 shadow dragon scales (worn)
 c - a +2 tower shield of cold resistance (worn)
 f - the +0 cloak of Xozxoaq {rPois rC- Int+3 Dex+7}
   (You found it in a treasure trove)

   Int:       It affects your intelligence (+3).
   Dex:       It affects your dexterity (+7).
   rC:        It makes you vulnerable to cold.
   rPois:     It protects you from poison.
 j - a scarf of resistance (worn)
 l - the +2 pair of gloves "Sungoysk" (worn) {rN++ MP+9 Str+5}
   (You acquired it on level 15 of the Dungeon)

   Str:       It affects your strength (+5).
   rN:        It greatly protects you from negative energy.
   MP:        It affects your magic capacity (+9).
 v - a +2 pair of boots (worn)
Jewellery
 r - a ring of positive energy
 t - a +4 ring of slaying (left hand)
 A - a ring of flight
 B - a ring of protection from fire
 J - an amulet of reflection
 M - a +6 ring of strength
 P - the ring of Fyosepotz {rN++ Int+6}
   (You found it on level 8 of the Dungeon)

   [ring of intelligence]

   Int:       It affects your intelligence (+6).
   rN:        It greatly protects you from negative energy.
 R - an amulet of regeneration (around neck)
 U - the ring of the Threshing Gods (right hand) {Ice rElec rN+++ Will- Dex-3}
   (You took it off a reaper in an ice cave)

   [ring of ice]

   It enhances your ice magic.
   Dex:       It affects your dexterity (-3).
   rF:        It makes you vulnerable to fire.
   rC:        It protects you from cold.
   rElec:     It insulates you from electricity.
   rN:        It renders you almost immune to negative energy.
   Will:      It decreases your willpower.
 V - a ring of positive energy
Wands
 e - a wand of digging (14)
 C - a wand of roots (14)
 D - a wand of polymorph (12)
 N - a wand of flame (21)
 S - a wand of charming (23)
Scrolls
 g - 3 scrolls of brand weapon
 h - 4 scrolls of vulnerability
 i - 8 scrolls of immolation
 m - a scroll of amnesia
 n - 3 scrolls of enchant weapon
 p - 3 scrolls of summoning
 q - a scroll of identify
 s - 5 scrolls of magic mapping
 x - 5 scrolls of enchant armour
 y - 2 scrolls of fog
 z - 4 scrolls of silence
 E - 4 scrolls of fear
Potions
 d - 3 potions of heal wounds
 k - 6 potions of brilliance
 o - 3 potions of degeneration {unknown}
 u - a potion of berserk rage {unknown}
 w - 5 potions of flight {unknown}
 G - 3 potions of might
 H - 3 potions of mutation
 I - 3 potions of resistance
 L - 3 potions of lignification {unknown}
 Q - 3 potions of invisibility
 T - a potion of magic {unknown}
 W - a potion of cancellation
 X - 3 potions of curing
 Z - 8 potions of ambrosia
Miscellaneous
 F - a condenser vane
 O - a phantom mirror


   Skills:
 + Level 15.3 Fighting
 - Level 20.3 Staves
 + Level 15.3 Armour
 + Level 11.0 Dodging
 + Level 16.3 Shields
 + Level 7.8 Evocations


You had 17 spell levels left.
You didn't know any spells.
Your spell library contained the following spells:

 Spells                   Type           Power      Damage    Failure   Level
 Foxfire                  Conj/Fire      0%         2x1d4     98%         1
 Kiss of Death            Conj/Necr      0%         2d5       98%         1
 Magic Dart               Conj           0%         1d3       98%         1
 Sting                    Tmut/Pois      0%         1d3       98%         1
 Searing Ray              Conj           0%         2d4       99%         2
 Confusing Touch          Hex            0%         N/A       100%        3
 Inner Flame              Hex/Fire       0%         N/A       100%        3
 Dispel Undead            Necr           0%         3d6       100%        4
 Flame Wave               Conj/Fire      0%         2d4       100%        4
 Fulminant Prism          Conj/Hex       0%         3d5       100%        4
 Passage of Golubria      Tloc           0%         N/A       100%        4
 Sticky Flame             Conj/Fire      0%         2d3       100%        4
 Fireball                 Conj/Fire      0%         3d3       100%        5
 Irradiate                Conj/Tmut      0%         3d11      100%        5
 Silence                  Hex/Air        0%         N/A       100%        5
 Yara's Violent Unravell  Hex/Tmut       0%         3d3       100%        5
 Conjure Ball Lightning   Conj/Air       0%         3x3d6     100%        6
 Plasma Beam              Fire/Air       0%         2x1d11    100%        6
 Starburst                Conj/Fire      0%         6d3       100%        6
 Statue Form              Tmut/Erth      0%         N/A       100%        6
 Dragon Form              Tmut           0%         N/A       100%        7
 Enfeeble                 Hex            0%         N/A       100%        7
 Discord                  Hex            0%         N/A       100%        8
 Disjunction              Tloc           0%         N/A       100%        8
 Lehudib's Crystal Spear  Conj/Erth      0%         10d2      100%        8


Dungeon Overview and Level Annotations

Branches:
Dungeon (15/15)            Temple (1/1) D:4            Lair (5/5) D:9
  Swamp (0/4) Lair:2       Spider (0/4) Lair:2        Slime (0/5) Lair:5
    Orc (2/2) D:12            Elf (3/3) Orc:2        Vaults (0/5) D:13
 Depths (0/4) D:15        Ossuary (visited)           IceCv (visited)

Altars:
Ashenzari
Cheibriados
Dithmenos
Elyvilon
Fedhas
Gozag
Hepliaklqana
Kikubaaqudgha
Makhleb
Nemelex Xobeh
Okawaru
Qazlal
Ru
Sif Muna
Trog
Uskayaw
Vehumet
Wu Jian
Xom
Yredelemnul
Zin
The Shining One
Lugonu

Shops:
D:2 *   D:6 !   D:10 ?   Orc:2 (*:!   Elf:2 [

Portals:
Abyss: Lair:5
Pandemonium: Orc:2

Annotations:
Elf:1 3 runed translucent doors


Innate Abilities, Weirdness & Mutations

You cannot be hasted, slowed, berserked, paralysed or teleported.
You can dig through walls and to a lower floor.
You have a pair of large antennae on your head. (SInv)
Your four strong arms can wield two-handed weapons with a shield.
[You are very clumsy. (Dex -4)]
[Your body often deteriorates upon taking damage.]
[You are very dopey. (Int -4)]
[You are extremely frail. (-30% HP)]
[Your magical capacity is very low. (-20% MP)]
[You are very weak. (Str -4)]


Message History

You resist.
The bolt of negative energy hits the thrashing horror.
The thrashing horror completely resists.
An orc sorcerer comes into view. It is wielding a +4 heavy great sword.
The thrashing horror tramples you.
* * * LOW HITPOINT WARNING * * *
You hold your ground!
The thrashing horror tramples you but does no damage.
The orc sorcerer shouts!
You feel much better.
The thrashing horror completely misses you.
The thrashing horror tramples you but does no damage. x3
The deep elf sorcerer hits you with a +0 rapier!
The deep elf death mage hits you with a +0 dagger.
You feel protected. The thrashing horror tramples you!
Your body deteriorates!
You feel clumsy.
You hold your ground!
The thrashing horror barely misses you.
The thrashing horror tramples you but does no damage.
The thrashing horror completely misses you.
The thrashing horror barely misses you.
The thrashing horror tramples you but does no damage.
The golden eye blinks!
The deep elf master archer shoots an arrow.
The arrow hits you but does no damage.
The deep elf sorcerer mumbles some strange words.
The deep elf sorcerer seems to speed up.
The deep elf death mage hits you but does no damage.
The thrashing horror tramples you but does no damage. x2
Okay, then.
You are too confused!
You fade into invisibility!
The thrashing horror tramples you but does no damage. x2
The golden eye blinks at you. You resist with almost no effort.
The deep elf master archer shoots an arrow.
The arrow hits you!!
* * * LOW HITPOINT WARNING * * *
The deep elf sorcerer hits you with a +0 rapier.
You die...

....... #.e§$ {
.......###.e... ####
............... ##.)##
.......(....... ##...(##
#............# ##......##
#........########........#
##.####).#........)...#
#.)..*eX§).###.)).)...#
##.Go.e@X..# #....)...#
#....e[...# ##..<.).##
##....#...# ##....##
########## ##..## ####


You could see a deep elf master archer (unable to see you), a deep elf death
mage, a deep elf sorcerer (fast), 2 thrashing horrors, an orc sorcerer, a lost
soul (summoned) and a golden eye.

Vanquished Creatures
  A tentacled monstrosity (Abyss:3)
  Jorgrun (D:13)
  A deep elf blademaster (Elf:3)
  A deep elf master archer (Elf:3)
  2 tentacled starspawn (Abyss:3)
  A tengu reaver (D:15)
  A draconian knight (Abyss:3)
  Roxanne (Elf:2)
  3 deep elf sorcerers
  Aizul (Elf:1)
  A reaper (IceCv)
  4 deep elf elementalists
  A very ugly thing (Abyss:3)
  A black draconian (Abyss:3)
  Nessos (Lair:3)
  3 deep elf demonologists
  3 deep elf annihilators (Elf:3)
  3 deep elf death magi
  An ettin (D:11)
  2 deep elf high priests
  2 yaktaur captains (D:11)
  2 rakshasas
  5 vault guards (D:13)
  3 hydras
  6 centaur warriors
  3 demonspawn (Orc:2)
  An ogre mage (D:13)
  2 two-headed ogres
  Erolcha (D:13)
  A death knight (Abyss:3)
  7 death yaks
  27 dancing weapons
  5 tengu warriors
  5 thrashing horrors
  6 orc high priests (Orc:2)
  Sonja (Orc:2)
  11 deep elf knights
  A shadow wraith (Abyss:3)
  A wretched star (Abyss:3)
  A soul eater (D:11)
  A sun demon (Abyss:3)
  A sixfirhy (Abyss:3)
  A skeletal warrior (D:15)
  Lodul (D:13)
  7 deep elf archers
  6 orc knights
  5 large abominations
  A wizard (Elf:2)
  A necromancer (D:15)
  21 deep elf zephyrmancers
  28 deep elf pyromancers
  8 orc sorcerers
  A manticore (D:10)
  14 ugly things
  A worldbinder (Abyss:3)
  7 cyclopes
  2 rust devils
  3 black mambas
  16 elephants
  A naga mage (D:15)
  2 centaur zombies (D:15)
  2 smoke demons
  A guardian serpent (shapeshifter) (Lair:5)
  A gargoyle (D:12)
  2 torpor snails
  8 cane toads
  2 ice statues (IceCv)
  An unseen horror (D:13)
  An orange demon (D:11)
  6 komodo dragons
  2 rime drakes (shapeshifter)
  3 rime drakes
  5 ice devils (IceCv)
  A freezing wraith (D:15)
  A yaktaur (D:13)
  6 tengu conjurers
  6 ancient zymes
  3 meliai (D:14)
  A queen bee (D:14)
  3 hellwings
  A polar bear (Lair:1)
  A tyrant leech (Lair:2)
  11 blink frogs (Lair:5)
  10 trolls
  A hornet (D:9)
  4 raiju (Abyss:3)
  2 dream sheep (Lair:5)
  3 flying skulls (Abyss:3)
  A jumping spider (shapeshifter) (Lair:5)
  A vampire (D:10)
  5 shadows
  4 culicivoras (Lair:2)
  4 wyverns
  A centaur simulacrum (D:15)
  4 air elementals
  35 yaks
  A spriggan (Lair:5)
  4 wraiths
  5 ynoxinuls
  Eustachio (D:4)
  A basilisk (shapeshifter) (Lair:5)
  3 water elementals
  4 basilisks
  A golden eye (Abyss:3)
  3 fire elementals
  2 death yak simulacra (IceCv)
  7 vampire mosquitoes
  3 chaos spawn
  A neqoxec (Abyss:3)
  3 steam dragons
  Edmund (D:5)
  A swamp worm (Lair:2)
  2 two-headed ogre zombies (D:12)
  17 water moccasins
  An acid dragon (D:10)
  A sky beast (D:7)
  6 black bears
  43 orc warriors
  12 ogres
  3 ice beasts
  3 wolves (Lair:5)
  14 centaurs
  A boggart (Elf:2)
  3 phantoms
  2 kobold brigands
  6 bullfrogs
  A gnoll sergeant (D:5)
  16 small abominations
  2 two-headed ogre simulacra (IceCv)
  A cane toad simulacrum (IceCv)
  3 scorpions
  10 wights
  3 water moccasin zombies (Ossuary)
  2 troll zombies (D:12)
  22 killer bees
  An elephant simulacrum (IceCv)
  2 howler monkeys
  2 lava snakes (D:14)
  6 quasits
  13 jellies
  A gnoll bouda (D:8)
  28 orc priests
  A hound (D:6)
  8 starcursed masses (Abyss:3)
  2 sleepcaps
  8 iguanas
  Ijyb (D:4)
  19 orc wizards
  5 hell rats (Lair:3)
  A polar bear simulacrum (IceCv)
  A spriggan simulacrum (IceCv)
  2 troll simulacra (IceCv)
  2 wolf simulacra (IceCv)
  4 ogre zombies (D:12)
  2 mummies (Ossuary)
  12 gnolls
  8 adders
  5 naga simulacra (IceCv)
  5 white imps
  5 ufetubi
  3 adder zombies (Ossuary)
  4 worms
  2 dart slugs (D:1)
  101 orcs
  7 endoplasms
  6 giant cockroaches
  8 gnoll zombies (Ossuary)
  14 goblins
  10 hobgoblins
  14 kobolds
  8 quokkas
  6 ball pythons
  6 bats
  5 frilled lizards
  2 goblin skeletons (D:12)
  4 goblin zombies
  3 hobgoblin skeletons (D:12)
  7 hobgoblin zombies
  4 kobold zombies (Ossuary)
  16 orc zombies
  10 rats
  A starspawn tentacle (Abyss:3)
995 creatures vanquished.

Vanquished Creatures (others)
  Asterion (Elf:1)
  A deep elf pyromancer (Elf:1)
  A deep elf zephyrmancer (Elf:2)
  5 starspawn tentacles (Abyss:3)
8 creatures vanquished.

Grand Total: 1003 creatures vanquished

Notes
Turn   | Place    | Note
-------+----------+-------------------------------------------
     0 | D:1      | Ivernyr the Formicid Fighter began the quest for the Orb.
     0 | D:1      | Reached XP level 1. HP: 18/18 MP: 1/1
    49 | D:1      | Reached XP level 2. HP: 24/24 MP: 2/2
   202 | D:1      | Reached XP level 3. HP: 29/29 MP: 3/3
   861 | D:2      | Reached XP level 4. HP: 37/37 MP: 4/4
   939 | D:2      | Found Ganoschue's Assorted Antiques.
  1075 | D:2      | Found a faded altar of an unknown god.
  1085 | D:2      | Reached skill level 3 in Staves
  1407 | D:2      | Reached XP level 5. HP: 39/42 MP: 5/5
  1909 | D:3      | You fall into a shaft and drop 3 floors!
  1944 | D:6      | Found a hazy altar of Hepliaklqana.
  2057 | D:6      | Reached skill level 5 in Shields
  2057 | D:6      | Reached XP level 6. HP: 41/48 MP: 6/6
  2076 | D:6      | Reached skill level 4 in Staves
  2134 | D:6      | Noticed an ogre
  2146 | D:6      | Killed an ogre
  2166 | D:6      | Found a sand-covered staircase.
  2173 | Ossuary  | Entered an ossuary
  2181 | Ossuary  | Reached XP level 7. HP: 53/55 MP: 7/7
  2272 | Ossuary  | Reached skill level 5 in Staves
  2272 | Ossuary  | Reached skill level 5 in Armour
  2431 | D:5      | Entered Level 5 of the Dungeon
  2432 | D:5      | Found a large runed translucent door.
  2438 | D:5      | Found a large runed translucent door.
  2456 | D:5      | Reached skill level 5 in Fighting
  2601 | D:3      | Reached XP level 8. HP: 21/62 MP: 8/8
  3368 | D:4      | Identified a scroll of acquirement
  3369 | D:4      | Acquired 1178 gold pieces
  3489 | D:4      | Found a staircase to the Ecumenical Temple.
  3518 | D:4      | Noticed Ijyb
  3526 | Temple   | Entered the Ecumenical Temple
  3577 | D:4      | Killed Ijyb
  3774 | D:4      | Reached skill level 6 in Staves
  3885 | D:4      | Noticed Eustachio
  3907 | D:4      | Killed Eustachio
  4363 | D:5      | You fall into a shaft and drop 1 floor!
  4549 | D:5      | Reached XP level 9. HP: 62/69 MP: 9/9
  4594 | D:5      | Reached skill level 7 in Staves
  4857 | D:5      | Found a hide-covered altar of Uskayaw.
  4859 | D:5      | Noticed Edmund
  4875 | D:5      | Killed Edmund
  5076 | D:5      | Found a glowing silver altar of Zin.
  5180 | D:5      | Found an iron altar of Okawaru.
  5193 | D:5      | Found an ornate altar of the Wu Jian Council.
  5202 | D:5      | Became a worshipper of the Wu Jian Council
  5379 | D:6      | Found Cikloekh's Distillery.
  5383 | D:6      | Bought a potion of curing for 36 gold pieces
  5383 | D:6      | Bought a potion of might for 48 gold pieces
  5383 | D:6      | Bought a potion of might for 48 gold pieces
  5383 | D:6      | Bought a potion of mutation for 96 gold pieces
  5383 | D:6      | Bought a potion of curing for 36 gold pieces
  5383 | D:6      | Bought a potion of curing for 36 gold pieces
  5485 | D:7      | Identified the +4 dagger "Suuhahah" {venom, Dex+2}
  5537 | D:7      | Reached skill level 8 in Staves
  5893 | D:7      | Reached XP level 10. HP: 75/79 MP: 10/10
  5950 | D:7      | Reached * piety under Wu Jian
  6062 | D:7      | Reached skill level 9 in Staves
  6212 | D:8      | Found a shadowy altar of Dithmenos.
  6372 | D:8      | Found the +8 Wrath of Trog {antimagic, *Rage Rampage}
  6718 | D:8      | Identified the ring of Fyosepotz {rN++ Int+6}
  7085 | D:9      | Reached skill level 10 in Staves
  7105 | D:9      | Reached ** piety under Wu Jian
  7111 | D:9      | Reached skill level 10 in Shields
  7111 | D:9      | Reached XP level 11. HP: 69/87 MP: 11/11
  7121 | D:9      | Found a staircase to the Lair.
  7378 | D:9      | Found a blossoming altar of Fedhas.
  7770 | Lair:1   | Entered Level 1 of the Lair of Beasts
  7779 | Lair:1   | Reached skill level 11 in Staves
  7975 | Lair:1   | Reached skill level 12 in Staves
  8336 | Lair:1   | Reached skill level 13 in Staves
  8638 | Lair:2   | Found a hole to the Spider Nest.
  8669 | Lair:2   | Reached XP level 12. HP: 92/94 MP: 12/12
  8717 | Lair:2   | Reached *** piety under Wu Jian
  9034 | Lair:2   | Noticed a five-headed hydra
  9057 | Lair:2   | Killed a five-headed hydra
  9058 | Lair:2   | Reached skill level 14 in Staves
  9142 | Lair:2   | Noticed an eight-headed hydra
  9152 | Lair:2   | Killed an eight-headed hydra
  9229 | Lair:2   | Found a staircase to the Swamp.
  9700 | Lair:3   | Noticed Nessos
  9703 | Lair:3   | Noticed a death yak
  9705 | Lair:3   | Noticed a death yak
  9706 | Lair:3   | Noticed a death yak
  9707 | Lair:3   | Noticed a death yak
  9712 | Lair:2   | Reached skill level 15 in Staves
 10068 | Lair:3   | Noticed a death yak
 10069 | Lair:3   | Noticed a death yak
 10076 | Lair:3   | Noticed a death yak
 10123 | Lair:2   | Killed a death yak
 10125 | Lair:2   | Killed a death yak
 10196 | Lair:2   | Killed a death yak
 10198 | Lair:2   | Killed a death yak
 10199 | Lair:2   | Reached skill level 16 in Staves
 10210 | Lair:3   | Killed a death yak
 10210 | Lair:3   | Reached XP level 13. HP: 99/99 MP: 13/13
 10211 | Lair:3   | Reached skill level 1 in Dodging
 10260 | Lair:3   | Killed Nessos
 11332 | Lair:5   | Entered Level 5 of the Lair of Beasts
 11483 | Lair:5   | Reached skill level 17 in Staves
 11581 | Lair:5   | Reached **** piety under Wu Jian
 11609 | Lair:5   | Reached skill level 10 in Armour
 11611 | Lair:5   | Reached skill level 10 in Fighting
 11712 | Lair:5   | Reached XP level 14. HP: 39/110 MP: 14/14
 12141 | Lair:5   | Found a corrupted altar of Lugonu.
 12141 | Lair:5   | Found a one-way gate to the infinite horrors of the Abyss.
 12161 | Lair:5   | Identified the +0 leather armour "Izierr" {Rampage Str-4
                  | Int+3 Dex+5}
 12273 | Lair:5   | Found a staircase to the Slime Pits.
 12400 | Lair:5   | Reached skill level 5 in Dodging
 12496 | Lair:5   | Reached ***** piety under Wu Jian
 12992 | D:10     | Entered Level 10 of the Dungeon
 13041 | D:10     | Reached skill level 18 in Staves
 13231 | D:10     | Found Wigetturch's Magic Scroll Shoppe.
 14077 | D:11     | Found a frozen archway.
 14081 | IceCv    | Entered an ice cave
 14320 | IceCv    | Identified the ring of the Threshing Gods {Ice rElec rN+++
                  | Will- Dex-3}
 14320 | IceCv    | Noticed a reaper
 14556 | IceCv    | Killed a reaper
 14743 | IceCv    | Identified the staff of conjuration "Rurryat" {Str+2 Int+3}
 14970 | D:11     | Reached XP level 15. HP: 93/119 MP: 15/15
 15200 | D:12     | Found a white marble altar of Elyvilon.
 15224 | D:12     | Reached ****** piety under Wu Jian
 15230 | D:12     | Found a staircase to the Orcish Mines.
 15598 | D:12     | Found a portal to a secret trove of treasure.
 15601 | D:12     | You paid a toll of 15 potions of curing to enter a treasure
                  | trove
 15602 | Trove    | Entered a treasure trove
 15608 | Trove    | Identified the +0 cloak of Xozxoaq {rPois rC- Int+3 Dex+7}
 15611 | Trove    | Identified the +0 cloak of Amelioration {Harm Will+}
 15627 | Trove    | Identified the -2 pair of gloves of Valiance {rPois SInv}
 16539 | D:13     | Noticed Lodul
 16567 | D:13     | Killed Lodul
 16590 | D:13     | Noticed Jorgrun
 16608 | D:13     | Killed Jorgrun
 16875 | D:13     | Reached skill level 19 in Staves
 16952 | D:13     | Found a gate to the Vaults.
 17199 | D:13     | Noticed Erolcha
 17211 | D:13     | Killed Erolcha
 17258 | D:13     | Found a bloodstained altar of Trog.
 18953 | D:15     | Entered Level 15 of the Dungeon
 19080 | D:15     | Noticed a tengu reaver
 19186 | D:15     | Killed a tengu reaver
 19187 | D:15     | Reached XP level 16. HP: 46/127 MP: 16/16
 19401 | D:15     | Acquired the +2 pair of gloves "Sungoysk" {rN++ MP+9 Str+5}
 19527 | D:15     | Found a staircase to the Depths.
 20330 | Orc:1    | Entered Level 1 of the Orcish Mines
 20712 | Orc:2    | Entered Level 2 of the Orcish Mines
 20919 | Orc:2    | Found a staircase to the Elven Halls.
 20923 | Orc:2    | Noticed Sonja
 20950 | Orc:2    | Killed Sonja
 21037 | Orc:2    | Reached skill level 20 in Staves
 21209 | Orc:2    | Found Acaer's Distillery.
 21212 | Orc:2    | Found Reiwn's General Store.
 21320 | Orc:2    | Found Xemeup's Antique Weapon Shoppe.
 21320 | Orc:2    | Found Dutsysch's Book Emporium.
 21320 | Orc:2    | Found a one-way gate leading to the halls of Pandemonium.
 21479 | Orc:2    | Bought a manual of Shields for 1120 gold pieces
 21515 | Orc:2    | Bought a potion of resistance for 160 gold pieces
 21515 | Orc:2    | Bought a potion of heal wounds for 80 gold pieces
 21580 | Elf:1    | Entered Level 1 of the Elven Halls
 21600 | Elf:1    | Reached skill level 1 in Evocations
 21621 | Elf:1    | Reached XP level 17. HP: 129/137 MP: 17/17
 21821 | Elf:1    | Found a runed translucent gate.
 21821 | Elf:1    | Found a runed translucent gate.
 21821 | Elf:1    | Found a runed translucent gate.
 21821 | Elf:1    | Noticed a tentacled monstrosity
 21822 | Elf:1    | Noticed a tentacled monstrosity
 21828 | Elf:1    | Noticed a tentacled monstrosity
 21830 | Elf:1    | Noticed a tentacled monstrosity
 22417 | Elf:1    | Noticed Asterion
 22435 | Elf:1    | Killed Asterion
 22968 | Elf:1    | Noticed Aizul
 22988 | Elf:1    | Killed Aizul
 23587 | Elf:2    | Identified Roxanne's Cyclopedia of the Shift
 23587 | Elf:2    | Noticed Roxanne
 23632 | Elf:2    | Killed Roxanne
 23813 | Elf:2    | Found Koqireq's Antique Armour Shop.
 23880 | Elf:2    | Found a runed translucent gate.
 23881 | Elf:2    | Found a runed translucent gate.
 23882 | Elf:2    | Found a runed translucent gate.
 23893 | Elf:2    | Reached skill level 5 in Evocations
 24349 | Elf:2    | Reached skill level 10 in Dodging
 24542 | Elf:2    | Reached XP level 18. HP: 121/147 MP: 18/18
 25026 | Elf:3    | Entered Level 3 of the Elven Halls
 25173 | Elf:3    | Noticed a deep elf master archer
 25177 | Elf:3    | Noticed a deep elf blademaster
 25212 | Elf:3    | Killed a deep elf blademaster
 25214 | Elf:3    | Killed a deep elf master archer
 25220 | Elf:3    | Reached skill level 15 in Shields
 25264 | Abyss:3  | Cast into level 3 of the Abyss (a deep elf demonologist)
 25348 | Abyss:3  | Reached skill level 15 in Armour
 25491 | Abyss:3  | Reached skill level 15 in Fighting
 25726 | Elf:3    | Escaped the Abyss
 25747 | Elf:3    | Identified the +12 great mace of Discord {flame, rElec
                  | rN++}
 25754 | Elf:3    | Noticed a deep elf master archer
 25758 | Abyss:3  | Cast into level 3 of the Abyss (a deep elf sorcerer)
 25846 | Abyss:3  | Noticed a tentacled monstrosity
 25893 | Abyss:3  | Killed a tentacled monstrosity
 25958 | Abyss:3  | HP: 6/149 [starcursed mass/accursed screaming (5)]
 25975 | Elf:3    | Escaped the Abyss
 25979 | Elf:3    | HP: 1/104 [deep elf master archer/arrow (35)]
 25979 | Elf:3    | Slain by a deep elf sorcerer

Illustrated notes

Levels and vault maps discovered:
D:1:      co_arrival_square_in_a_square_in_a_square, layout_basic,
          minmay_octomino_j4
D:2:      minmay_chambers_of_twos, layout_basic, serial_shops,
          nicolae_shop_statue_plus, ebering_ecumenical_altar_petrified
D:3:      layout_rooms, st_stairs_7
D:4:      layout_basic, minmay_temple_entry_water_ring, hangedman_decor_points,
          dk_noncrumbling_3, uniq_ijyb, uniq_eustachio
D:5:      layout_rooms, nicolae_uskayaw_dance_hall, jmf_multi_god_temple2,
          zin_academy, uniq_edmund
D:6:      layout_cave_pools, mainiacjoe_overflow_brackets, enter_ossuary_4,
          serial_shops, nicolae_shop_back_alley_shop
D:7:      layout_rooms
D:8:      layout_rooms, nicolae_dithmenos_shadow_blocks
D:9:      layout_roguey, nicolae_overflow_crystal_walls,
          due_lair_maze_entry_diamond
D:10:     layout_basic, serial_shops, shop, minmay_misc_feat_roman
D:11:     minmay_glassy_protrusions, layout_irregular_city, serial_demonic,
          serial_demonic_d, serial_demonic_b, serial_demonic_g,
          serial_demonic_d, portal_ice_cave_entry_pillars_2
D:12:     layout_stronghold, zombieorc2_lemuel, trove_entry_hex_spiral,
          nicolae_elyvilon_peaceful_grove
D:13:     layout_cave_pools, grunt_vaults_entry_fortified,
          kennysheep_nondescript, tgw_trog, uniq_lodul, uniq_jorgrun,
          uniq_erolcha
D:14:     layout_roguey, kennysheep_boxes, special_room [special_room_bee],
          lemuel_old_faithful
D:15:     grunt_enter_depths_magical_seal, layout_basic, serial_glass,
          glass_columns_a, glass_columns_a, glass_columns_a, glass_columns_a,
          glass_columns_c, glass_columns_a, nicolae_twisting_strands,
          kennysheep_four_rooms
Temple:   hellmonk_temple_of_storms
Lair:1:   layout_chaotic_city, infiniplex_staircase_pool_2
Lair:2:   layout_concentric_octagons, palyth_hydra_swamp_entry,
          hellmonk_spider_entry_life_and_decay
Lair:3:   layout_hall_layers, uniq_nessos
Lair:4:   layout_misc_corridors
Lair:5:   hellmonk_lair_end_abyssal_woods, layout_long_grid,
          minmay_slime_entry_jelly_boxes, minivault_26
Orc:1:    layout_caves, statue_in_the_mist_lemuel
Orc:2:    pf_orc_diabolical, layout_caves, basic_altar, uniq_sonja
Elf:1:    elf_arrival_002, layout_onion_city,
          ploomutoo_gammafunk_ghost_potion_laboratory,
          kennysheep_underground_church, uniq_aizul, uniq_asterion
Elf:2:    nicolae_elf_blades_splatter_lattice [mumra_blade_entry_bloodbath],
          layout_onion_city, serial_shops, shop, hangedman_elf_disciples,
          uniq_roxanne
Elf:3:    grunt_elf_hall_spiral, layout_rooms, minivault_4, st_stairs_13

Skill      XL: |  1  2  3  4  5  6  7  8  9 10 11 12 13 14 15 16 17 18 |
---------------+-------------------------------------------------------+-----
Staves         | 3 4 5 6 8 10 13 16 17 18 19 20 | 20.3
Armour         | 4 5 6 7 8 10 11 12 13 14 15 | 15.3
Fighting       | 4 5 6 7 8 10 11 12 13 14 15 | 15.3
Shields        | 5 6 7 8 10 14 16 | 16.3
Dodging        | 4 6 7 8 10 11 | 11.0
Evocations     | 1 5 7 |  7.8

Action                     |  1- 3 |  4- 6 |  7- 9 | 10-12 | 13-15 | 16-18 || total
---------------------------+-------+-------+-------+-------+-------+-------++-------
  Melee: Quarterstaff      |    92 |   158 |   383 |    27 |     9 |       ||   669
         Lajatang          |       |       |     9 |   427 |  1374 |  1278 ||  3088
 Invoke: Serpent's Lash    |       |       |       |     5 |    14 |    20 ||    39
         Heavenly Storm    |       |       |       |       |       |     3 ||     3
Ability: Shaft Self        |       |       |     1 |       |       |       ||     1
         Lunge             |       |       |     3 |    29 |    74 |   104 ||   210
         Whirlwind         |       |       |       |   126 |   295 |   291 ||   712
         Dig               |       |       |       |       |     2 |     4 ||     6
         Wall Jump         |       |       |       |       |       |     1 ||     1
    Use: Scroll            |       |     6 |     9 |     5 |     4 |     2 ||    26
         Potion            |       |     1 |       |       |       |    14 ||    15
   Stab: Sleeping          |       |     1 |     9 |     5 |    15 |     5 ||    35
         Distracted        |       |       |       |     3 |     3 |     2 ||     8
 Armour: Scale mail        |    34 |    37 |       |       |       |       ||    71
         Shadow dragon sca |       |    50 |   222 |   236 |   419 |   323 ||  1250
  Dodge: Dodged            |    37 |    46 |   139 |   149 |   289 |   281 ||   941
  Block: Buckler           |    21 |    34 |   106 |   215 |   265 |       ||   641
         Reflection        |       |       |       |     3 |    40 |    71 ||   114
         Tower shield      |       |       |       |       |   582 |   866 ||  1448
